 Dungeon Sprint DCSS version 0.31-a0-920-g28cbb04a8c (webtiles) character file.

Game seed: 17790169121614558707

145 sircluck the Ruffian (level 5, -8/57 HPs)
             Began as a Troll Berserker on Oct 17, 2023.
             Was an Elder of Trog.
             Mangled by an ice beast (9 damage)
             ... in the Dungeon (Sprint VII: "The Pits").
             The game lasted 00:00:29 (181 turns).

sircluck the Ruffian (Troll Berserker)               Turns: 181, Time: 00:00:30

Health: -8/57      AC:  4    Str: 27    XL:     5   Next: 6%
Magic:  4/4        EV: 11    Int:  3    God:    Trog [****..]
Gold:   0          SH:  0    Dex:  9    Spells: 4/4 levels left

rFire   . .          .
                       - Unarmed
rCold   . . .        (no shield)
rNeg    . . .        a - +0 animal skin
rPois   .            (helmet restricted)
rElec   .            (no cloak)
rCorr   .            (gloves unavailable)
SInv    .            (boots unavailable)
Will    .....        (no amulet)
Stlth   +            (no ring)
HPRegen 1.09/turn    (no ring)
MPRegen 0.09/turn

%: no teleportation
@: lethally poisoned (-8 -> -11)
A: large, unfitting armour, claws 3, regeneration 1, shaggy fur 1, tough skin 1
a: Renounce Religion, Berserk, Trog's Hand, Brothers in Arms


You were in the Dungeon.
You worshipped Trog.
Trog was greatly pleased with you.
You visited 1 branch

Inventory:

Armour
 a - a +0 animal skin (worn)
Scrolls
 g - a scroll of blinking
 i - 2 scrolls of vulnerability
 j - a scroll of summoning
Potions
 b - 5 potions of curing
 c - 6 potions of heal wounds
 d - a potion of haste
 e - 4 potions of magic
 f - 3 potions of berserk rage
 h - 2 potions of invisibility


   Skills:
 + Level 5.5 Fighting
 + Level 5.4 Dodging
 + Level 6.5 Unarmed Combat


You had 4 spell levels left.
You didn't know any spells.
Your spell library was empty.

Dungeon Overview and Level Annotations

Branches:
Dungeon (1/1)

Altars:
Ashenzari
Cheibriados
Dithmenos
Elyvilon
Fedhas
Gozag
Hepliaklqana
Kikubaaqudgha
Makhleb
Nemelex Xobeh
Okawaru
Qazlal
Ru
Sif Muna
Trog
Uskayaw
Vehumet
Wu Jian
Xom
Yredelemnul
Zin
The Shining One
Jiyva
Lugonu


Innate Abilities, Weirdness & Mutations

You are too large for most types of armour.
You have claws for hands.
Your natural rate of healing is unusually fast.
You are covered in fur. (AC +1)
You have tough skin. (AC +1)


Message History

You feel very sick.
The gnoll sergeant hits you from afar with a +2 spear of venom!
You are more poisoned.
A gnoll comes into view. It is wielding a +0 spear.
You scratch the ice beast.
The ice beast is moderately wounded.
You feel very sick. The ice beast barely misses you.
The gnoll sergeant barely misses you.
You claw the ice beast!
The ice beast is severely wounded.
You feel very sick.
The ice beast hits you but does no damage.
You scratch the ice beast.
The ice beast is almost dead.
You feel very sick.
The gnoll sergeant hits you from afar with a +2 spear of venom!
You are more poisoned.
The ice beast misses you.
You completely miss the ice beast.
The ice beast is almost dead.
You feel very sick.
A gnoll comes into view. It is wielding a +0 spear.
The gnoll sergeant hits you from afar with a +2 spear of venom!
* * * LOW HITPOINT WARNING * * *
You are more poisoned.
The ice beast hits you.
* * * LOW HITPOINT WARNING * * *
The ice beast freezes you.
* * * LOW HITPOINT WARNING * * *
Unknown command.
You feel better.
The gnoll shouts!
The gnoll sergeant hits you from afar with a +2 spear of venom!
* * * LOW HITPOINT WARNING * * *
You are lethally poisoned!
A wight comes into view. It is wielding a +4 trident.
The ice beast hits you.
* * * LOW HITPOINT WARNING * * *
The ice beast freezes you!
You die...

#_________.#
#_______...#######
##########'##.....
#.?(.')))'.##.....
##########.##.....
#...........'.....
#'#####'#####.....
#.#..#.†#).##.....
#@#..'..'..#####'#
#Y##)####'###.....
#g#.....††.##.....
#c#........##.....
#g#####'#####...<.
#g#...)))[.##.....
#g#...)))[.##.....
#z###########.....
#.. ######


You could see an ice beast, a gnoll sergeant, a centaur, a wight and 3 gnolls.

Vanquished Creatures
  A floating eye (D)
  2 gnolls (D)
  A river rat (D)
  An ufetubus (D)
  A bat (D)
  A bat zombie (D)
  A goblin (D)
  A hobgoblin (D)
  A ball python (D)
  A frilled lizard (D)
11 creatures vanquished.

Notes
Turn   | Place    | Note
-------+----------+-------------------------------------------
     0 | D        | sircluck the Troll Berserker began the quest for the Orb.
     0 | D        | Reached XP level 1. HP: 22/22 MP: 0/0
    20 | D        | Found a bloodstained altar of Trog.
    20 | D        | Found a shimmering blue altar of Sif Muna.
    20 | D        | Found a viscous altar of Jiyva.
    20 | D        | Found a hazy altar of Hepliaklqana.
    20 | D        | Found an opulent altar of Gozag.
    21 | D        | Found a glowing golden altar of the Shining One.
    21 | D        | Found a glowing silver altar of Zin.
    21 | D        | Found a basalt altar of Yredelemnul.
    21 | D        | Found a shimmering altar of Xom.
    21 | D        | Found an ornate altar of the Wu Jian Council.
    21 | D        | Found a sacrificial altar of Ru.
    21 | D        | Found a stormy altar of Qazlal.
    21 | D        | Found an iron altar of Okawaru.
    21 | D        | Found a sparkling altar of Nemelex Xobeh.
    21 | D        | Found a burning altar of Makhleb.
    21 | D        | Found a blossoming altar of Fedhas.
    21 | D        | Found a white marble altar of Elyvilon.
    21 | D        | Found a shadowy altar of Dithmenos.
    21 | D        | Found a snail-covered altar of Cheibriados.
    24 | D        | Found a corrupted altar of Lugonu.
    24 | D        | Found a radiant altar of Vehumet.
    25 | D        | Found an ancient bone altar of Kikubaaqudgha.
    25 | D        | Found a hide-covered altar of Uskayaw.
    25 | D        | Found a broken altar of Ashenzari.
    68 | D        | Reached XP level 2. HP: 27/31 MP: 1/1
    73 | D        | Noticed a floating eye
    74 | D        | Paralysed by a floating eye for 4 turns
    80 | D        | Killed a floating eye
    80 | D        | Reached ** piety under Trog
    81 | D        | Reached skill level 5 in Fighting
    81 | D        | Reached skill level 5 in Dodging
    81 | D        | Reached skill level 6 in Unarmed Combat
    81 | D        | Reached XP level 3. HP: 27/42 MP: 2/2
    81 | D        | Reached XP level 4. HP: 32/50 MP: 3/3
   106 | D        | Reached *** piety under Trog
   159 | D        | Noticed an ice beast
   168 | D        | Noticed a gnoll sergeant
   173 | D        | Reached **** piety under Trog
   174 | D        | Reached XP level 5. HP: 57/57 MP: 4/4
   175 | D        | Noticed a centaur
   180 | D        | HP: 2/57 [ice beast (5)]
   181 | D        | Mangled by an ice beast

Illustrated notes

Levels and vault maps discovered:
D:        pitsprint [storerooms_1, entrance_room_1, metal_vault_4, armoury_2,
          mini_pit_1, grid_room_1, main_hall_1, silver_pit, the_coven_1,
          the_vestibule_1, steel_vault_4, golden_pit, hallway_of_sentries,
          crystal_vault_3, iron_vault_2, final_vault]

Skill      XL: |  1  2 |
---------------+-------+-----
Fighting       | 3 5 |  5.5
Dodging        | 3 5 |  5.4
Unarmed Combat | 6 |  6.5

Action                     |  1- 3 |  4- 6 || total
---------------------------+-------+-------++-------
  Melee: Unarmed           |    10 |    25 ||    35
         Punch             |       |     1 ||     1
    Use: Potion            |       |     1 ||     1
 Armour: Animal skin       |     8 |    20 ||    28
  Dodge: Dodged            |     4 |    22 ||    26

Table legend: (Time is in decaauts)
 A = Elapsed time spent in this place.
 B = Non-inter-level travel time spent in this place.
 C = Inter-level travel time spent in this place.
 D = Time resting spent in this place.
 E = Time spent auto-exploring this place.
 F = Levels seen in this place.
 G = Mean time per level.
                   A        B        C        D        E       F      G
               +--------+--------+--------+--------+--------+-----+--------+
         Total |    177 |    177 |      0 |      0 |     82 |   1 |  177.0 |
       Dungeon |    177 |    177 |      0 |      0 |     82 |   1 |  177.0 |
               +--------+--------+--------+--------+--------+-----+--------+

Top non-repeatable levels by time:
       D: 177 daAuts
